 Dungeon Sprint DCSS version 0.18-a0-1300-g6e8322c (webtiles) character file.

226166 Kidiri the Ninja (level 17, -6/84 HPs)
             Began as a Spriggan Enchanter on Feb 12, 2016.
             Was the Champion of Dithmenos.
             Mangled by a hell beast (8 damage)
             ... summoned by Geryon
             ... in the Dungeon (Sprint III: "The Ten Rune Challenge").
             The game lasted 01:25:32 (16570 turns).

Kidiri the Ninja (Spriggan Enchanter)              Turns: 16570, Time: 01:25:32

Health: -6/84      AC: 13    Str:  7    XL:     17   Next: 21%
Magic:  3/54       EV: 44    Int: 34    God:    Dithmenos [******]
Gold:   1372       SH:  9    Dex: 24    Spells: 17 memorised, 4 levels left

rFire  + + .     SeeInvis +     l - +8 quick blade "Ustrid" {vamp, rPois rC+ Int+4 Dex+4}
rCold  + + +     Gourm    .     Z - +2 robe {rN+}
rNeg   + + .     Faith    .     A - +0 buckler {AC+3}
rPois  +         Spirit   .     t - +3 hat of Pondering {ponderous, MR+ MP+10 Int+5}
rElec  +         Dismiss  .     n - +0 cloak {MR+}
rCorr  .         Reflect  .     (gloves unavailable)
SustAt .         Harm     .     (boots unavailable)
MR     ++++.     Clarity  +     H - amulet of the Furies {RegenMP rElec rF+ rC+ MP+9}
Stlth  ++++++++++ NoTele   +    G - ring "Ehexot" {rF+ rN+ Str+3 Stlth+}
                                K - +5 ring of intelligence

@: wreathed by umbra, very quick, incredibly resistant to hostile enchantments,
uncannily stealthy
A: unfitting armour, hooves 1, molten scales 1, see invisible, clarity, cold
resistance 1, herbivore 3, speed 3, frail 1, low mp 2, slow metabolism 2,
MP-powered wands
a: Shadow Step, Shadow Form, Renounce Religion
}: 4/10 runes: serpentine, barnacled, silver, golden


You were in the Dungeon.
You worshipped Dithmenos.
Dithmenos was exalted by your worship.
You were not hungry.

You visited 1 branch You collected 2731 gold pieces.
You spent 1359 gold pieces at shops.

Inventory:

Hand Weapons
 l - the +8 quick blade "Ustrid" (weapon) {vamp, rPois rC+ Int+4 Dex+4}
   (You acquired it in the Dungeon)

   It inflicts no extra harm, but heals its wielder somewhat when it strikes a
   living foe.
   It affects your intelligence (+4).
   It affects your dexterity (+4).
   It protects you from cold.
   It protects you from poison.
 w - the +6 short sword of Ociejujuf {pierce, rC+ MP+9}
   (You found it in the Dungeon)

   It inflicts extra damage upon your enemies.
   It protects you from cold.
   It affects your magic capacity (+9).
Missiles
 c - 13 throwing nets (quivered)
Armour
 n - a +0 cloak of magic resistance (worn)
 t - the +3 hat of Pondering (worn) {ponderous, MR+ MP+10 Int+5}
   (You took it off Gastronok in the Dungeon)

   It affects your intelligence (+5).
   It affects your resistance to hostile enchantments.
   It affects your magic capacity (+10).
 A - a +0 buckler of protection (worn)
 E - a +2 robe of magic resistance
 Z - a +2 robe of positive energy (worn)
Jewellery
 d - an uncursed ring of resist corrosion
 v - an uncursed ring of flight
 x - the amulet "Xeklol" {Faith rN++ Dex+5 SInv}
   (You found it in the Dungeon)

   [amulet of faith]

   It allows you to gain divine favour quickly.
   It affects your dexterity (+5).
   It greatly protects you from negative energy.
   It lets you see invisible.
 y - the ring of Ripad {rF+ rN+ AC+2}
   (You took it off a vault guard in the Dungeon)

   [ring of protection]

   It affects your AC (+2).
   It protects you from fire.
   It protects you from negative energy.
 F - the ring "Gataanuq" {*Confuse +Blink rC+++ rN+ Int-4}
   (You found it in the Dungeon)

   [ring of positive energy]

   It affects your intelligence (-4).
   It renders you almost immune to cold.
   It protects you from negative energy.
   It lets you blink.
   It may confuse you when you take damage.
 G - the ring "Ehexot" (right hand) {rF+ rN+ Str+3 Stlth+}
   (You found it in the Dungeon)

   [ring of protection from fire]

   It affects your strength (+3).
   It protects you from fire.
   It protects you from negative energy.
   It makes you more stealthy.
 H - the amulet of the Furies (around neck) {RegenMP rElec rF+ rC+ MP+9}
   (You found it in the Dungeon)

   [amulet of magic regeneration]

   It increases your magic regeneration.
   It protects you from fire.
   It protects you from cold.
   It insulates you from electricity.
   It affects your magic capacity (+9).
 K - a +5 ring of intelligence (left hand)
Wands
 a - a wand of lightning (6/15)
 b - a wand of lightning (9/15)
 q - a wand of heal wounds (3/9)
 C - a wand of disintegration (14/24)
 D - a wand of lightning (3/15)
 I - a wand of iceblast (5/15)
 J - a wand of disintegration (15/24)
 M - a wand of disintegration (3/24)
Scrolls
 j - 3 scrolls of blinking
 k - a scroll of torment
 m - 3 scrolls of remove curse
 u - 5 scrolls of amnesia
 z - a scroll of recharging {unknown}
 R - 2 scrolls of silence
Potions
 e - 6 potions of curing
 f - 2 potions of might
 g - 3 potions of haste
 i - 2 potions of berserk rage
 p - 8 potions of flight
 s - 5 potions of cure mutation
 N - a potion of lignification
Books
 B - a book of Enchantments

   Spells                             Type                      Level
   a - Cause Fear                     Hexes                        4
   b - Yara's Violent Unravelling     Hexes/Transmutation          5
   c - Silence                        Hexes/Air                    5
   d - Deflect Missiles               Charms/Air                   6
   e - Haste                          Charms                       6
   f - Discord                        Hexes                        8
 L - the Handbook of Attacks and Flames
   (You found it in the Dungeon)

   Spells                             Type                      Level
   a - Flame Tongue                   Conjuration/Fire             1
   b - Sting                          Conjuration/Poison           1
   c - Throw Flame                    Conjuration/Fire             2
   d - Iskenderun's Battlesphere      Conjuration/Charms           5
   e - Orb of Destruction             Conjuration                  7
Comestibles
 r - 26 royal jellies


   Skills:
 + Level 12.6 Fighting
 * Level 21.1 Short Blades
 + Level 11.7 Armour
 * Level 25.8 Dodging
 O Level 27 Stealth
 * Level 6.4 Shields
 * Level 22.4 Spellcasting
 + Level 11.5 Conjurations
 + Level 17.4 Hexes
 + Level 11.3 Charms
 + Level 18.8 Translocations
 + Level 13.1 Transmutations
 + Level 12.4 Ice Magic
 + Level 9.8 Earth Magic
 - Level 2.0 Invocations
 + Level 13.1 Evocations


You had 4 spell levels left.
You knew the following spells:

 Your Spells              Type           Power        Failure   Level  Hunger
a - Corona                Hex            #######      0%          1    None
b - Ensorcelled Hibernat  Hex/Ice        ######       0%          2    None
c - Confuse               Hex            ########     0%          3    None
d - Tukima's Dance        Hex            ########     0%          3    None
e - Dazzling Spray        Conj/Hex       #######.     0%          3    None
f - Slow                  Hex            ########     0%          2    None
g - Gell's Gravitas       Hex/Tloc       ########..   0%          3    None
h - Cause Fear            Hex            ########..   0%          4    None
i - Passwall              Trmt/Erth      #######...   0%          2    None
j - Passage of Golubria   Tloc           N/A          0%          4    None
k - Lee's Rapid Deconstr  Erth           #######...   1%          5    None
l - Darkness              Hex            ########..   1%          6    None
m - Invisibility          Hex            ########     1%          6    None
n - Petrify               Trmt/Erth      #######.     1%          4    None
o - Iskenderun's Battles  Conj/Chrm      #######.     1%          5    None
p - Shroud of Golubria    Chrm/Tloc      #######...   0%          2    None
q - Apportation           Tloc           ########..   0%          1    None


Dungeon Overview and Level Annotations

Branches:
Dungeon (1/1)

Altars:
Cheibriados
Dithmenos
Elyvilon
Fedhas
Gozag
Kikubaaqudgha
Makhleb
Nemelex Xobeh
Okawaru
Pakellas
Qazlal
Ru
Sif Muna
Trog
Vehumet
Xom
Yredelemnul
Zin
The Shining One
Jiyva
Lugonu

Shops:
D !(==!(([%[}%!(}}%?::([!=

Annotations:
D Geryon


Innate Abilities, Weirdness & Mutations

You are tiny and cannot use many weapons and most armour.
You have supernaturally acute eyesight.
You are a herbivore.
You cover ground extremely quickly.
You need consume almost no food.
You have large cloven feet.
You are partially covered in molten scales (AC +1).
You possess an exceptional clarity of mind.
Your flesh is cold resistant.
You are frail (-10% HP).
Your magical capacity is very low (-20% MP).
You expend magic power (3 MP) to strengthen your wands.


Message History

The metal wall shatters!
The blast of metal fragments hits Geryon.
Geryon is severely wounded.
The blast of metal fragments hits the hell beast.
The hell beast is almost dead.
You hear a bellow!
The hell beast completely misses you. The hell beast tramples you.
* * * LOW HITPOINT WARNING * * *
You stumble backwards!
Unknown command.
Evoke which item? (* to show all) (? for menu, Esc to quit)
Okay, then.
Unknown command.
Drink which item? (? for menu, Esc to quit)
You feel better. You block the hell beast's attack.
The hell beast completely misses you. Geryon tail-slaps you from afar!!
* * * LOW HITPOINT WARNING * * *
You emit a cloud of dark smoke.
The hell beast completely misses you. The hell beast tramples you!
You die...

≈≈≈≈≈≈≈,*#........#+###.......###
≈≈≈≈≈,,,*#≈......≈#≈≈≈##.....##..
,≈≈,,,,,*#)≈....≈)#+#+###...###.#
,,,,,,,,*####++####.#.# ##'####.#
,,,,,,,8*#%.+.....#+#####.≈≈≈+#.#
#+###############.#..+∩∩#.≈≈.#..#
.........#§§&# ##.####∩∩#.≈≈(####
.C..(....#.))###§§.###..#..≈.#,,+
.((.((...§§)§2&2@§(..+..'..(≈+,,*
...(.....#).§###§§.###..#≈≈≈.#,,*
.........#§§§# ##.##∩#..#))..#,,*
##+###########**#.#..#..####+####
,,,,*,,,**,,,,,,#'#+##..#.#.#.#.#
,,,,+,,,**,,,,,,#.'..'..+#.#.#.#.
,,,,*,,,**,,,,,,#.####..#.#%#.#.#
******+***,,,,,,+.#,*#######▓▓▓▓▓
,,,,,,,* *,,,,,,###,*,,,,,,,*,,,,


You could see Geryon and 2 hell beasts.

Vanquished Creatures
  Mara (D)
  Mennas (D)
  Boris (D)
  2 greater mummies (D)
  Norris (D)
  Sigmund (D)
  3 golden dragons (D)
  A lich (D)
  Rupert (D)
  A deep elf master archer (D)
  A quicksilver dragon (D)
  A kraken (D)
  An ancient champion (D)
  Gastronok (D)
  2 sphinxes (D)
  Chuck (D)
  2 shadow dragons (D)
  Roxanne (D)
  A greater naga (D)
  A fire giant (D)
  A frost giant (D)
  Maud (D)
  4 stone giants (D)
  A vampire knight (D)
  3 deep elf demonologists (D)
  2 dire elephants (D)
  A deep elf annihilator (D)
  Azrael (D)
  2 deep elf death magi (D)
  11 mummy priests (D)
  13 vault guards (D)
  A fire dragon (shapeshifter) (D)
  A fire dragon (D)
  4 yaktaur captains (D)
  2 hydras (D)
  Erolcha (D)
  An ogre mage (D)
  2 hell beasts (D)
  A ghost crab (shapeshifter) (D)
  2 anacondas (D)
  2 centaur warriors (D)
  2 alligator snapping turtles (D)
  4 dancing weapons (D)
  4 death yaks (D)
  3 orc high priests (D)
  A titan zombie (D)
  2 soul eaters (D)
  2 sun demons (D)
  A shadow wraith (D)
  7 skeletal warriors (D)
  A sea snake (shapeshifter) (D)
  A death drake (D)
  An anaconda zombie (D)
  2 obsidian statues (D)
  A spriggan druid (D)
  A lindwurm (D)
  2 spectral iron dragons (D)
  2 oklob plants (D)
  4 ugly things (D)
  2 deep elf magi (D)
  4 crystal guardians (D)
  A cyclops (shapeshifter) (D)
  2 elephants (D)
  A guardian serpent (D)
  An elephant (shapeshifter) (D)
  A molten gargoyle (D)
  6 black mambas (D)
  A stone giant skeleton (D)
  An eye of devastation (shapeshifter) (D)
  8 statues (D)
  2 spiny frogs (D)
  Edmund (D)
  7 yaktaurs (D)
  A komodo dragon (D)
  2 ice devils (D)
  A queen bee (D)
  A fire drake (D)
  3 wandering mushrooms (D)
  20 guardian mummies (D)
  4 spriggan defenders (D)
  2 giant leeches (D)
  A snapping turtle (shapeshifter) (D)
  9 slime creatures (D)
  8 blink frogs (D)
  4 snapping turtles (D)
  5 redbacks (D)
  2 spriggans (D)
  A shadow (D)
  A spatial vortex (D)
  2 hill giants (D)
  A naga (D)
  4 water moccasins (D)
  2 iron troll simulacra (D)
  A hydra simulacrum (D)
  A swamp drake (D)
  3 orc warriors (D)
  A fire dragon simulacrum (D)
  A necrophage (D)
  3 wasps (D)
  3 two-headed ogres (D)
  A water elemental (D)
  32 killer bees (D)
  An electric eel (D)
  A jelly (D)
  4 orc priests (D)
  Jessica (D)
  A wolf (D)
  A necromancer (D)
  A wizard (D)
  A wolf simulacrum (D)
  2 polar bear simulacra (D)
  3 humans (D)
  A kobold demonologist (D)
  7 adders (D)
  A giant eyeball (D)
  An ooze (D)
  4 orcs (D)
  2 rats (D)
  A ballistomycete (D)
  8 bushes (D)
  2 butterflies (D)
  2 fungi (D)
  A giant spore (D)
  5 plants (D)
  A tentacle (D)
333 creatures vanquished.

Vanquished Creatures (collateral kills)
  A vampire knight (D)
  3 vault guards (D)
  A naga warrior (D)
  An orc high priest (D)
  2 skeletal warriors (D)
  4 deep elf magi (D)
  A naga (D)
  3 orc warriors (D)
  3 orc priests (D)
  An orc (D)
20 creatures vanquished.

Vanquished Creatures (others)
  2 draconian scorchers (D)
  6 dancing weapons (D)
  3 yaktaurs (D)
  6 plants (D)
  12 tentacles (D)
  61 tentacle segments (D)
90 creatures vanquished.

Grand Total: 443 creatures vanquished

Notes
Turn   | Place    | Note
--------------------------------------------------------------
     0 | D        | Kidiri the Spriggan Enchanter began the quest for the Orb.
     0 | D        | Reached XP level 1. HP: 9/9 MP: 5/5
    43 | D        | Noticed Jessica
    47 | D        | Killed Jessica
    47 | D        | Reached skill level 1 in Fighting
    47 | D        | Reached skill level 1 in Armour
    47 | D        | Reached skill level 5 in Stealth
    47 | D        | Reached XP level 2. HP: 12/14 MP: 6/8
    47 | D        | Reached XP level 3. HP: 15/18 MP: 6/9
    52 | D        | Learned a level 2 spell: Ensorcelled Hibernation
    56 | D        | Learned a level 3 spell: Confuse
    60 | D        | Learned a level 3 spell: Dazzling Spray
   156 | D        | Reached skill level 5 in Dodging
   156 | D        | Reached skill level 6 in Stealth
   199 | D        | Killed a white draconian scorcher
   207 | D        | Killed a yaktaur
   210 | D        | Killed a white draconian scorcher
   233 | D        | Reached XP level 4. HP: 22/22 MP: 7/11
   240 | D        | Learned a level 3 spell: Tukima's Dance
   253 | D        | Gained mutation: You are partially covered in molten scales (AC +1). [potion of mutation]
   253 | D        | Gained mutation: You are frail (-10% HP). [potion of mutation]
   253 | D        | Gained mutation: You possess an exceptional clarity of mind. [potion of mutation]
   254 | D        | Gained mutation: You have large cloven feet. [potion of mutation]
   254 | D        | Gained mutation: You expend magic power (3 MP) to strengthen your wands. [potion of mutation]
   254 | D        | Gained mutation: Your magical capacity is low (-10% MP). [potion of mutation]
   268 | D        | Noticed a water elemental
   271 | D        | Killed a water elemental
   271 | D        | Reached skill level 7 in Stealth
   271 | D        | Reached skill level 5 in Spellcasting
   271 | D        | Reached skill level 1 in Conjurations
   271 | D        | Reached skill level 5 in Hexes
   271 | D        | Reached skill level 1 in Ice Magic
   283 | D        | Noticed a shadow
   285 | D        | Killed a shadow
   285 | D        | Reached skill level 5 in Short Blades
   285 | D        | Reached skill level 9 in Stealth
   285 | D        | Reached XP level 5. HP: 24/24 MP: 11/13
   285 | D        | Reached XP level 6. HP: 28/28 MP: 12/15
   309 | D        | Found an oddly glowing altar of Pakellas.
   309 | D        | Found a stormy altar of Qazlal.
   309 | D        | Noticed a spatial vortex
   310 | D        | Found a sacrificial altar of Ru.
   310 | D        | Found a burning altar of Makhleb.
   310 | D        | Found a viscous altar of Jiyva.
   310 | D        | Found a shimmering altar of Xom.
   310 | D        | Found a shadowy altar of Dithmenos.
   310 | D        | Found a sparkling altar of Nemelex Xobeh.
   310 | D        | Found a corrupted altar of Lugonu.
   310 | D        | Found an opulent altar of Gozag.
   315 | D        | Became a worshipper of Dithmenos the Shadowed
   322 | D        | Killed a spatial vortex
   322 | D        | Reached skill level 1 in Invocations
   357 | D        | Found a radiant altar of Vehumet.
   358 | D        | Found a deep blue altar of Sif Muna.
   358 | D        | Found an ancient bone altar of Kikubaaqudgha.
   359 | D        | Reached skill level 10 in Stealth
   378 | D        | Learned a level 2 spell: Slow
   382 | D        | Learned a level 3 spell: Gell's Gravitas
   391 | D        | Found an iron altar of Okawaru.
   392 | D        | Found a bloodstained altar of Trog.
   392 | D        | Noticed a human
   392 | D        | Noticed a human
   394 | D        | Killed a human
   394 | D        | Reached * piety under Dithmenos
   394 | D        | Reached skill level 1 in Translocations
   394 | D        | Reached XP level 7. HP: 32/32 MP: 13/17
   410 | D        | Killed a human
   432 | D        | Killed a yaktaur
   472 | D        | Learned a level 4 spell: Cause Fear
   486 | D        | Found a glowing silver altar of Zin.
   487 | D        | Found a glowing golden altar of the Shining One.
   487 | D        | Found a white marble altar of Elyvilon.
   487 | D        | Noticed a deep elf mage
   489 | D        | Killed a deep elf mage
   489 | D        | Reached skill level 10 in Dodging
   489 | D        | Reached skill level 11 in Stealth
   489 | D        | Reached XP level 8. HP: 35/37 MP: 17/19
   509 | D        | Found a snail-covered altar of Cheibriados.
   510 | D        | Found a basalt altar of Yredelemnul.
   510 | D        | Found a blossoming altar of Fedhas.
   511 | D        | Reached ** piety under Dithmenos
   548 | D        | Reached skill level 12 in Stealth
   562 | D        | Reached *** piety under Dithmenos
   567 | D        | Noticed Erolcha
   569 | D        | Killed Erolcha
   569 | D        | Reached skill level 10 in Spellcasting
   569 | D        | Reached skill level 5 in Translocations
   569 | D        | Reached XP level 9. HP: 41/41 MP: 21/21
   577 | D        | Reached skill level 13 in Stealth
   642 | D        | Reached **** piety under Dithmenos
   747 | D        | Noticed a queen bee
   813 | D        | Reached ***** piety under Dithmenos
   813 | D        | Reached skill level 5 in Fighting
   817 | D        | Killed a queen bee
   817 | D        | Reached skill level 14 in Stealth
   818 | D        | Reached skill level 5 in Ice Magic
   818 | D        | Reached ****** piety under Dithmenos
   818 | D        | Reached XP level 10. HP: 45/45 MP: 6/23
   820 | D        | Reached skill level 10 in Short Blades
   843 | D        | Reached skill level 5 in Armour
  1266 | D        | Noticed a spiny frog
  1266 | D        | Noticed a spiny frog
  1269 | D        | Killed a spiny frog
  1275 | D        | Killed a spiny frog
  1275 | D        | Reached skill level 15 in Stealth
  1321 | D        | Reached skill level 5 in Conjurations
  1337 | D        | Noticed a lindwurm
  1340 | D        | Killed a lindwurm
  1350 | D        | Noticed Maud
  1352 | D        | Killed Maud
  1352 | D        | Reached skill level 16 in Stealth
  1352 | D        | Reached XP level 11. HP: 50/50 MP: 23/25
  1364 | D        | Noticed a four-headed hydra
  1364 | D        | Noticed a six-headed hydra
  1367 | D        | Killed a four-headed hydra
  1367 | D        | Reached skill level 10 in Hexes
  1368 | D        | Killed a six-headed hydra
  1368 | D        | Reached skill level 15 in Dodging
  1409 | D        | Noticed a death drake
  1411 | D        | Killed a death drake
  1418 | D        | Found a blossoming altar of Fedhas.
  1418 | D        | Noticed a spriggan druid
  1428 | D        | Killed a spriggan druid
  1615 | D        | Noticed an anaconda
  1615 | D        | Noticed an anaconda
  1619 | D        | Killed an anaconda
  1626 | D        | Reached skill level 17 in Stealth
  1632 | D        | Killed an anaconda
  1632 | D        | Reached skill level 10 in Translocations
  1849 | D        | Noticed a naga warrior
  1849 | D        | Noticed a greater naga
  1849 | D        | Found Raimoez's Jewellery Shop.
  1849 | D        | Found Hafokue's Distillery.
  1849 | D        | Found Qife Zea's Antique Weapon Boutique.
  1864 | D        | Killed a naga warrior
  2193 | D        | Killed a greater naga
  2193 | D        | Reached XP level 12. HP: 56/56 MP: 14/28
  2315 | D        | Got a serpentine rune of Zot
  2417 | D        | Reached skill level 18 in Stealth
  2515 | D        | Noticed Rupert
  2520 | D        | Paralysed by Rupert for 7 turns
  2538 | D        | Killed Rupert
  2563 | D        | Noticed a death yak
  2564 | D        | Noticed a death yak
  2564 | D        | Noticed an azure jelly
  2564 | D        | Noticed a death yak
  2564 | D        | Noticed an azure jelly
  2564 | D        | Noticed a death yak
  2575 | D        | Killed a death yak
  2584 | D        | Killed a death yak
  2735 | D        | Killed a death yak
  2735 | D        | Reached skill level 19 in Stealth
  2735 | D        | Reached skill level 15 in Spellcasting
  2759 | D        | Killed a death yak
  3024 | D        | Noticed a kraken
  3258 | D        | Killed a kraken
  3366 | D        | Noticed an alligator snapping turtle
  3366 | D        | Noticed an alligator snapping turtle
  3367 | D        | Found Irghuaq's Distillery.
  3367 | D        | Found Guzac's Antique Weapon Boutique.
  3367 | D        | Found Geashiopt's Jewellery Shop.
  3423 | D        | Killed an alligator snapping turtle
  3789 | D        | Killed an alligator snapping turtle
  3789 | D        | Reached XP level 13. HP: 61/61 MP: 22/30
  3880 | D        | Got a barnacled rune of Zot
  3928 | D        | Noticed an azure jelly
  3928 | D        | Noticed an azure jelly
  3929 | D        | Noticed a dire elephant
  3929 | D        | Noticed a dire elephant
  3929 | D        | Noticed Gastronok
  3931 | D        | Killed Gastronok
  3932 | D        | Killed a dire elephant
  3942 | D        | Killed a dire elephant
  3942 | D        | Reached skill level 20 in Stealth
  4131 | D        | Found Itymad's Antique Weapon Boutique.
  4604 | D        | Bought a potion of curing for 36 gold pieces
  4604 | D        | Bought a potion of curing for 36 gold pieces
  4604 | D        | Bought a potion of heal wounds for 60 gold pieces
  4604 | D        | Bought a potion of mutation for 30 gold pieces
  4604 | D        | Bought a potion of curing for 36 gold pieces
  4604 | D        | Gained mutation: Your flesh is cold resistant. [potion of mutation]
  4604 | D        | Gained mutation: Your magical capacity is very low (-20% MP). [potion of mutation]
  4742 | D        | Bought 2 potions of curing for 84 gold pieces
  4742 | D        | Bought 2 potions of heal wounds for 140 gold pieces
  4742 | D        | Bought a potion of curing for 42 gold pieces
  4742 | D        | Bought a potion of heal wounds for 70 gold pieces
  4872 | D        | Noticed a deep elf demonologist
  4872 | D        | Noticed a Brimstone Fiend
  4983 | D        | Noticed a deep elf annihilator
  5012 | D        | Noticed a deep elf master archer
  5052 | D        | Noticed a blizzard demon
  5062 | D        | Noticed a deep elf death mage
  5065 | D        | Noticed a deep elf demonologist
  5067 | D        | Noticed a deep elf demonologist
  5326 | D        | Noticed a Shadow Fiend
  5326 | D        | Noticed a reaper
  5327 | D        | Killed a deep elf demonologist
  5599 | D        | Noticed a deep elf death mage
  5599 | D        | Killed a deep elf demonologist
  5762 | D        | Killed a deep elf death mage
  5764 | D        | Noticed an Executioner
  5768 | D        | Noticed an Ice Fiend
  5768 | D        | Killed a deep elf death mage
  5958 | D        | Noticed a Brimstone Fiend
  6112 | D        | Noticed a lorocyproca
  6116 | D        | Noticed a green death
  6117 | D        | Noticed a balrug
  6287 | D        | Killed a deep elf master archer
  6287 | D        | Reached skill level 15 in Short Blades
  6363 | D        | Killed a ghostly deep elf death mage
  6363 | D        | Reached skill level 21 in Stealth
  6368 | D        | Killed a deep elf annihilator
  6555 | D        | Killed a deep elf demonologist
  6732 | D        | Noticed Sigmund
  6732 | D        | Noticed Edmund
  6734 | D        | Killed Sigmund
  6735 | D        | Killed Edmund
  6846 | D        | Reached XP level 14. HP: 67/67 MP: 18/29
  6933 | D        | Found Gycrutan's Magic Scroll Emporium.
  6933 | D        | Found Baoskann's Book Shop.
  6933 | D        | Found Gutous's Jewellery Shoppe.
  6933 | D        | Found Myhuasse's Food Boutique.
  6933 | D        | Found Cukh's Book Emporium.
  6933 | D        | Found Gimmuhiro's Distillery.
  6933 | D        | Found Izoskuawu's Antique Armour Emporium.
  6933 | D        | Found Rubisus's Antique Weapon Boutique.
  6934 | D        | Found Bete's Gadget Boutique.
  6934 | D        | Found Zearpheikh's Gadget Shoppe.
  6934 | D        | Found Rawarr's Antique Weapon Shop.
  6934 | D        | Found Qiohi's Distillery.
  6954 | D        | Bought a book of Burglary for 825 gold pieces
  6975 | D        | Learned a level 2 spell: Passwall
  6980 | D        | Learned a level 4 spell: Passage of Golubria
  6986 | D        | Learned a level 5 spell: Lee's Rapid Deconstruction
  6993 | D        | Learned a level 6 spell: Darkness
  7000 | D        | Learned a level 6 spell: Invisibility
  7103 | D        | Got a crude ring mail
  7107 | D        | Got a fine wooden ring
  7107 | D        | Got a bound platinum ring
  7112 | D        | Identified the Handbook of Attacks and Flames
  7114 | D        | Got an iridescent blowgun
  7115 | D        | Identified the ring "Gataanuq" {*Confuse +Blink rC+++ rN+ Int-4} (You found it in the Dungeon)
  7116 | D        | Identified the ring "Ehexot" {rF+ rN+ Str+3 Stlth+} (You found it in the Dungeon)
  7138 | D        | Got a fine pewter ring
  7139 | D        | Got a spiked plate armour
  7205 | D        | Identified the ring "Focuh" {rPois Str+4} (You took it off a deep elf death mage in the Dungeon)
  7320 | D        | Reached skill level 1 in Earth Magic
  7426 | D        | Reached skill level 1 in Transmutations
  7474 | D        | Reached skill level 22 in Stealth
  7479 | D        | Got a warped quick blade
  7480 | D        | Identified the +1 quick blade of Distraction {pierce, Int+3 Dex+3} (You found it in the Dungeon)
  7591 | D        | Learned a level 4 spell: Petrify
  7603 | D        | Reached skill level 1 in Evocations
  8494 | D        | Noticed Chuck
  8544 | D        | Killed Chuck
  8558 | D        | Got a shimmering short sword
  8559 | D        | Identified the +6 short sword of Ociejujuf {pierce, rC+ MP+9} (You found it in the Dungeon)
  8676 | D        | Noticed Norris
  8679 | D        | Killed Norris
  8711 | D        | Noticed a lich
  8715 | D        | Killed a lich
  8715 | D        | Reached skill level 5 in Transmutations
  8727 | D        | Noticed a shadow dragon
  8729 | D        | Noticed a shadow dragon
  8731 | D        | Killed a shadow dragon
  8731 | D        | Reached skill level 10 in Fighting
  8731 | D        | Reached skill level 23 in Stealth
  8731 | D        | Reached skill level 5 in Evocations
  8732 | D        | Killed a shadow dragon
  8771 | D        | Reached skill level 10 in Ice Magic
  8833 | D        | Noticed a stone giant
  8834 | D        | Noticed a golden dragon
  8834 | D        | Noticed a golden dragon
  8834 | D        | Noticed a stone giant
  8834 | D        | Noticed a fire giant
  8834 | D        | Noticed a quicksilver dragon
  8834 | D        | Noticed a golden dragon
  8834 | D        | Noticed a frost giant
  8850 | D        | Reached skill level 15 in Translocations
  9073 | D        | Killed a quicksilver dragon
  9077 | D        | Killed a fire giant
  9077 | D        | Reached XP level 15. HP: 72/72 MP: 31/31
  9166 | D        | Killed a golden dragon
  9166 | D        | Reached skill level 5 in Earth Magic
  9285 | D        | Got a scintillating tin ring
  9305 | D        | Identified the ring of Ripad {rF+ rN+ AC+2} (You took it off a vault guard in the Dungeon)
  9520 | D        | Got a shimmering lapis lazuli ring
  9535 | D        | Reached skill level 24 in Stealth
  9613 | D        | Identified the ring "Moadue" {Slay+2 SInv} (You took it off a vault guard in the Dungeon)
  9995 | D        | Killed a golden dragon
  9995 | D        | Reached skill level 10 in Armour
  9995 | D        | Reached skill level 15 in Hexes
 10411 | D        | Killed a frost giant
 10639 | D        | Learned a level 5 spell: Iskenderun's Battlesphere
 10813 | D        | Reached skill level 1 in Charms
 10965 | D        | Killed a golden dragon
 11122 | D        | Reached skill level 10 in Conjurations
 11296 | D        | Got a silver rune of Zot
 11446 | D        | Noticed an ancient lich
 11464 | D        | Got a translucent golden amulet
 11467 | D        | Identified the amulet "Xeklol" {Faith rN++ Dex+5 SInv} (You found it in the Dungeon)
 11538 | D        | Noticed a sphinx
 11538 | D        | Noticed a sphinx
 11555 | D        | Killed a sphinx
 11559 | D        | Killed a sphinx
 11559 | D        | Reached skill level 25 in Stealth
 12063 | D        | Reached skill level 5 in Charms
 12515 | D        | Reached skill level 10 in Transmutations
 12865 | D        | Noticed a greater mummy
 12865 | D        | Noticed a greater mummy
 13121 | D        | Reached XP level 16. HP: 46/70 MP: 33/33
 13147 | D        | Reached skill level 10 in Evocations
 13526 | D        | Killed a greater mummy
 13772 | D        | Killed a greater mummy
 13838 | D        | Reached skill level 26 in Stealth
 13904 | D        | Got a golden rune of Zot
 13909 | D        | Got a vibrating ruby amulet
 13911 | D        | Identified the amulet of the Furies {RegenMP rElec rF+ rC+ MP+9} (You found it in the Dungeon)
 13954 | D        | Learned a level 2 spell: Shroud of Golubria
 13966 | D        | Learned a level 1 spell: Apportation
 14644 | D        | Noticed Azrael
 14646 | D        | Killed Azrael
 14720 | D        | Got a brightly glowing ice dragon armour
 14731 | D        | Identified the +7 ice dragon armour "Usoenescheq" {rF- rC++ Dex+4} (You acquired it in the Dungeon)
 14768 | D        | Got a slimy quick blade
 14773 | D        | Identified the +8 quick blade "Ustrid" {vamp, rPois rC+ Int+4 Dex+4} (You acquired it in the Dungeon)
 15096 | D        | Reached skill level 1 in Shields
 15181 | D        | Noticed Boris
 15184 | D        | Killed Boris
 15241 | D        | Found Byagg's Food Emporium.
 15241 | D        | Found Sassadom's Gadget Shop.
 15241 | D        | Found Mievyink's Armour Shop.
 15241 | D        | Found Zafaoq's Food Shoppe.
 15262 | D        | Found Puxkaerr's Armour Boutique.
 15654 | D        | Noticed Roxanne
 15658 | D        | Killed Roxanne
 15823 | D        | Noticed Mara
 15828 | D        | Killed Mara
 15828 | D        | Reached skill level 27 in Stealth
 15828 | D        | Reached skill level 10 in Charms
 15944 | D        | Noticed an ancient champion
 15945 | D        | Killed an ancient champion
 16033 | D        | Noticed Mennas
 16035 | D        | Killed Mennas
 16035 | D        | Reached skill level 5 in Shields
 16035 | D        | Reached XP level 17. HP: 79/81 MP: 35/35
 16435 | D        | Noticed Geryon
 16570 | D        | HP: 2/84 [Geryon (27)]
 16570 | D        | Mangled by a hell beast

Vault maps used:
D:        dungeon_sprint_mu

Action                   |  1- 3 |  4- 6 |  7- 9 | 10-12 | 13-15 | 16-18 || total
-------------------------+-------+-------+-------+-------+-------+-------++-------
Melee: Dagger            |    21 |     7 |    32 |   252 |    25 |       ||   337
       Rapier            |       |       |       |       |   110 |       ||   110
       Quick blade       |       |       |       |       |   813 |    96 ||   909
       Short sword       |       |       |       |       |   105 |    51 ||   156
Throw: Throwing net      |       |       |       |     1 |     8 |     9 ||    18
 Cast: Ensorcelled Hiber |     3 |     1 |     4 |    40 |    30 |    12 ||    90
       Confuse           |     1 |       |     5 |     2 |    23 |    25 ||    56
       Dazzling Spray    |       |     1 |       |    52 |   193 |    50 ||   296
       Gell's Gravitas   |       |       |     5 |     6 |     4 |       ||    15
       Tukima's Dance    |       |       |     1 |    10 |    36 |     2 ||    49
       Lee's Rapid Decon |       |       |       |       |    18 |    43 ||    61
       Passage of Golubr |       |       |       |       |     4 |       ||     4
       Apportation       |       |       |       |       |       |     2 ||     2
       Petrify           |       |       |       |       |       |     1 ||     1
Invok: Shadow Step       |       |       |     1 |    10 |    14 |     4 ||    29
 Abil: Evoke Flight      |       |       |       |       |       |     4 ||     4
Evoke: Wand              |       |       |       |       |       |     1 ||     1
  Use: Potion            |     1 |     2 |       |       |     6 |     7 ||    16
       Scroll            |       |     2 |       |       |     2 |    22 ||    26
 Stab: Sleeping          |     4 |     7 |    12 |    49 |    67 |    33 ||   172
       Confused          |     1 |       |     4 |       |     7 |    13 ||    25
       Invisible         |       |       |       |     6 |     4 |    15 ||    25
       Distracted        |       |       |       |     1 |     3 |       ||     4
       Held in net/web   |       |       |       |     2 |     6 |     9 ||    17
       Petrifying        |       |       |       |       |       |     1 ||     1
  Eat: Bread ration      |       |       |       |     1 |       |       ||     1
       Fruit             |       |       |       |       |    11 |       ||    11
       Royal jelly       |       |       |       |       |       |     3 ||     3
